 Dungeon Crawl Stone Soup version 0.30-a0-986-g7f2e898f52 (webtiles) character file.

Game seed: 15316788984353423501

6594 cforsyth the Basher (level 11, -6/92 HPs)
             Began as a Formicid Fighter on Apr 1, 2023.
             Was an Initiate of Ru.
             Mangled by Snorg (9 damage)
             ... on level 10 of the Dungeon.
             The game lasted 00:15:18 (9929 turns).

cforsyth the Basher (Formicid Fighter)              Turns: 9929, Time: 00:15:19

Health: -6/92      AC: 14    Str: 31    XL:     11   Next: 21%
Magic:  20/20      EV:  7    Int:  8    God:    Ru [......]
Gold:   656        SH:  5    Dex: 13    Spells: 10/10 levels left

rFire   . . .      SeeInvis +    f - +9 whip of Fobic {venom, +Blink MP+9}
rCold   . . .      Faith    .    c - +0 buckler
rNeg    . . .      Spirit   .    s - +0 plate armour
rPois   .          Reflect  .    (helmet unavailable)
rElec   .          Rampage  .    y - +1 cloak
rCorr   .                        n - +0 pair of gloves
Will    +....                    (no boots) Stlth
                                 (no amulet)
HPRegen 0.35/turn                E - +6 ring of strength
MPRegen 0.17/turn                (no ring)

@: no status effects
A: permanent stasis, dig shafts and tunnels, antennae 3, no stealth, four strong
arms
a: Dig, Shaft Self, Renounce Religion


You were on level 10 of the Dungeon.
You worshipped Ru.
Ru was noncommittal.
You visited 2 branches of the dungeon, and saw 11 of its levels.
You also visited: Sewer.

You collected 656 gold pieces.

Inventory:

Hand Weapons
 a - a +0 flail
 f - the +9 whip of Fobic (weapon) {venom, +Blink MP+9}
   (You took it off a goblin on level 3 of the Dungeon)

   MP:        It affects your magic capacity (+9).
   +Blink:    It lets you blink.
 B - a +3 dire flail
 F - a +6 flail
Armour
 b - a +0 scale mail
 c - a +0 buckler (worn)
 n - a +0 pair of gloves (worn)
 s - a +0 plate armour (worn)
 y - a +1 cloak (worn)
Jewellery
 i - an amulet of the acrobat
 j - a ring of fire
 E - a +6 ring of strength (left hand)
Wands
 q - a wand of digging (16)
 u - a wand of charming (7)
 A - a wand of roots (12)
 C - a wand of flame (2)
 G - a wand of acid (9)
 J - a wand of mindburst (6)
Scrolls
 k - a scroll of teleportation {unknown}
 p - 3 scrolls of amnesia {unknown}
 t - 2 scrolls of fog
 w - 2 scrolls of magic mapping
 x - a scroll of fear
 z - a scroll of brand weapon
 I - 2 scrolls of vulnerability {unknown}
Potions
 d - a potion of might
 e - 2 potions of magic
 g - 2 potions of heal wounds
 h - 5 potions of mutation
 l - 3 potions of curing
 m - 6 potions of flight
 o - 3 potions of attraction
 r - a potion of invisibility
 v - 3 potions of resistance
 D - a potion of brilliance
 H - 2 potions of lignification {unknown}


   Skills:
 + Level 10.9 Fighting
 * Level 13.4 Maces & Flails
 - Level 3.2 Armour
 - Level 4.0 Shields


You had 10 spell levels left.
You didn't know any spells.
Your spell library contained the following spells:

 Spells                   Type           Power      Damage    Failure   Level
 Necrotise                Necr           0%         1d4       99%         1
 Scorch                   Fire           0%         2d5       100%        2
 Hailstorm                Conj/Ice       0%         3d3       100%        3
 Flame Wave               Conj/Fire      0%         2d4       100%        4
 Ice Form                 Ice/Tmut       0%         N/A       100%        4
 Summon Forest            Summ/Tloc      0%         N/A       100%        5
 Summon Mana Viper        Hex/Summ       0%         N/A       100%        5
 Simulacrum               Ice/Necr       0%         N/A       100%        6
 Summon Cactus Giant      Summ           0%         N/A       100%        6


Dungeon Overview and Level Annotations

Branches:
Dungeon (10/15)            Temple (1/1) D:4            Lair (0/5) D:9
    Orc (0/2) D:10          Sewer (visited)

Altars:
Ashenzari
Cheibriados
Dithmenos
Elyvilon
Fedhas
Gozag
Hepliaklqana
Kikubaaqudgha
Makhleb
Nemelex Xobeh
Okawaru
Qazlal
Ru
Sif Muna
Trog
Uskayaw
Vehumet
Wu Jian
Xom
Yredelemnul
Zin
The Shining One

Shops:
D:1 ?

Annotations:
D:10 Snorg


Innate Abilities, Weirdness & Mutations

You cannot be hasted, slowed, berserked, paralysed or teleported.
You can dig through walls and to a lower floor.
You have a pair of large antennae on your head. (SInv)
You cannot be stealthy.
Your four strong arms can wield two-handed weapons with a shield.


Message History

Snorg goes berserk!
You hit Snorg.
Snorg is lightly wounded.
Snorg barely misses you. Snorg claws you! x2
You hit Snorg.
Snorg is lightly wounded.
Snorg bites you!! You block Snorg's attack. Snorg barely misses you.
You whack Snorg!
Snorg is lightly wounded.
Snorg bites you!! Snorg claws you!
* * * LOW HITPOINT WARNING * * *
You block Snorg's attack.
You are too injured to fight recklessly!
You are too injured to fight recklessly!
You are too injured to fight recklessly!
You are too injured to fight recklessly!
You are too injured to fight recklessly!
You are too injured to fight recklessly!
Okay, then.
Okay, then.
Unknown command.
You feel much better. Snorg barely misses you. Snorg claws you!
You block Snorg's attack.
You feel much better. Snorg bites you! Snorg claws you but does no damage.
Snorg closely misses you. Snorg bites you! Snorg claws you.
You block Snorg's attack.
You feel much better. Snorg bites you but does no damage. Snorg claws you!
Snorg closely misses you.
Are you sure you want to shaft yourself?
Snorg bites you. Snorg claws you but does no damage. Snorg claws you!
Snorg bites you!!
* * * LOW HITPOINT WARNING * * *
Snorg claws you.
* * * LOW HITPOINT WARNING * * *
Snorg claws you!
* * * LOW HITPOINT WARNING * * *
You begin to dig a shaft.
You continue digging a shaft.
Snorg bites you but does no damage. Snorg claws you but does no damage.
Snorg claws you!
You die...

..#########.......
......)...............#
................[.....#
......)...............#
......................#.
...............>........
......................#
...######.......)T....#
...#..........).@.....#
...#....................
. #.......#.)#.....#...
##+######..####### .
...............
....########### ... .. )


You could see Snorg (berserk).

Vanquished Creatures
  A hydra (D:9)
  An elephant (D:8)
  A hornet (D:9)
  A wyvern (D:7)
  6 yaks
  A steam dragon (D:6)
  2 basilisks (D:9)
  Menkaure (D:7)
  A water moccasin (D:5)
  2 acid dragons
  An orc warrior (D:6)
  3 black bears (D:5)
  A sky beast (D:7)
  2 ogres
  2 ice beasts
  3 centaurs
  2 kobold brigands
  2 bullfrogs
  5 scorpions
  13 wights
  4 killer bees (D:8)
  3 howler monkeys
  2 hounds
  2 jellies
  6 orc priests
  3 sleepcaps
  5 iguanas
  6 orc wizards
  7 gnolls
  3 river rats
  11 adders
  A shadow imp (D:5)
  2 white imps
  2 ufetubi
  5 worms
  3 dart slugs
  30 orcs
  5 ball pythons
  6 endoplasms
  4 giant cockroaches
  9 goblins
  9 hobgoblins
  12 jackals
  6 quokkas
  7 bats
  A frilled lizard (D:1)
  14 kobolds
  14 rats
233 creatures vanquished.

Vanquished Creatures (others)
  8 fungi (D:5)
  A plant (D:9)
9 creatures vanquished.

Grand Total: 242 creatures vanquished

Notes
Turn   | Place    | Note
-------+----------+-------------------------------------------
     0 | D:1      | cforsyth the Formicid Fighter began the quest for the Orb.
     0 | D:1      | Reached XP level 1. HP: 18/18 MP: 1/1
   179 | D:1      | Reached XP level 2. HP: 20/24 MP: 2/2
   277 | D:1      | Found Fowkisox's Magic Scroll Boutique.
   371 | D:1      | Reached XP level 3. HP: 23/30 MP: 3/3
   438 | D:1      | Reached skill level 3 in Maces & Flails
  1110 | D:2      | Reached XP level 4. HP: 37/37 MP: 4/4
  1930 | D:3      | Identified the +9 whip of Fobic {venom, +Blink MP+9}
  1981 | D:3      | Identified the +0 ring mail of Spite {Str+3}
  2014 | D:3      | Reached skill level 4 in Maces & Flails
  2027 | D:3      | Reached XP level 5. HP: 42/42 MP: 5/5
  2051 | D:3      | Found a glowing drain.
  2055 | Sewer    | Entered a sewer
  2142 | Sewer    | Noticed a kobold brigand
  2182 | Sewer    | Killed a kobold brigand
  2183 | Sewer    | Reached XP level 6. HP: 20/49 MP: 6/6
  2407 | Sewer    | Found a white marble altar of Elyvilon.
  2617 | D:3      | Reached skill level 5 in Maces & Flails
  2713 | D:3      | Found a hide-covered altar of Uskayaw.
  2796 | D:3      | Identified the +9 quarterstaff of Wariness {spect, Will+++
                  | Int+4 Stlth+}
  2936 | D:3      | Found a burning altar of Makhleb.
  2938 | D:3      | Found a white marble altar of Elyvilon.
  2938 | D:3      | Found a hazy altar of Hepliaklqana.
  2955 | D:3      | Found a shimmering altar of Xom.
  2955 | D:3      | Found a sparkling altar of Nemelex Xobeh.
  2955 | D:3      | Found a sacrificial altar of Ru.
  3320 | D:4      | Found a staircase to the Ecumenical Temple.
  3327 | Temple   | Entered the Ecumenical Temple
  3339 | Temple   | Became a worshipper of Ru the Awakened
  3354 | D:4      | Noticed an ogre
  3361 | D:4      | Killed an ogre
  3362 | D:4      | Reached skill level 5 in Fighting
  3561 | D:4      | Reached XP level 7. HP: 51/56 MP: 7/7
  3642 | D:4      | Found a sparkling altar of Nemelex Xobeh.
  3820 | D:4      | Reached skill level 6 in Maces & Flails
  4192 | D:5      | Entered Level 5 of the Dungeon
  4434 | D:5      | Reached skill level 7 in Maces & Flails
  4434 | D:5      | Reached XP level 8. HP: 59/64 MP: 8/8
  4766 | D:5      | Reached skill level 8 in Maces & Flails
  4937 | D:5      | Reached XP level 9. HP: 60/72 MP: 9/9
  4980 | D:5      | Reached skill level 9 in Maces & Flails
  5072 | D:5      | Found an ancient bone altar of Kikubaaqudgha.
  5079 | D:5      | Found a shimmering blue altar of Sif Muna.
  5081 | D:5      | Found a radiant altar of Vehumet.
  5084 | D:5      | Got Kikubaaqudgha's Parchment of Death
  5956 | D:6      | Reached skill level 10 in Maces & Flails
  6538 | D:7      | Found a burning altar of Makhleb.
  6538 | D:7      | Noticed a green death
  6609 | D:7      | Found a shadowy altar of Dithmenos.
  6752 | D:7      | Noticed Menkaure
  6760 | D:7      | Killed Menkaure
  6785 | D:7      | Reached XP level 10. HP: 60/82 MP: 10/10
  6795 | D:7      | Reached skill level 11 in Maces & Flails
  6910 | D:7      | Found a bloodstained altar of Trog.
  6921 | D:7      | Found a glowing silver altar of Zin.
  7106 | D:7      | Found a stormy altar of Qazlal.
  7470 | D:8      | Gained mutation: You cannot be stealthy. [Ru sacrifice]
  8333 | D:9      | Reached skill level 12 in Maces & Flails
  8545 | D:9      | Found an opulent altar of Gozag.
  8555 | D:9      | Found a staircase to the Lair.
  8555 | D:9      | Noticed an elephant
  8591 | D:8      | Killed an elephant
  8592 | D:8      | Reached skill level 10 in Fighting
  9091 | D:9      | Identified the staff of cold "Goadwex" {rC+ Str+6}
  9223 | D:9      | Noticed a seven-headed hydra
  9226 | D:9      | Identified the +5 falchion of Gittoama {distort, rC+ Dex-2
                  | SInv}
  9271 | D:9      | Reached XP level 11. HP: 91/92 MP: 11/11
  9359 | D:9      | Found an iron altar of Okawaru.
  9393 | D:9      | Reached skill level 13 in Maces & Flails
  9427 | D:9      | Killed a seven-headed hydra
  9869 | D:10     | Entered Level 10 of the Dungeon
  9900 | D:10     | Found a staircase to the Orcish Mines.
  9913 | D:10     | Noticed Snorg
  9928 | D:10     | HP: 3/92 [Snorg (17)]
  9929 | D:10     | Mangled by Snorg

Illustrated notes

Levels and vault maps discovered:
D:1:      dpeg_arrival_shelter, layout_loops_cross, serial_shops,
          nicolae_shop_behind_doors, dk_noncrumbling_3
D:2:      layout_basic, minmay_misc_feat_plants, roderic_lattice_a,
          nrook_loot_triangle
D:3:      layout_basic, doesnt_xom_only_xom, nicolae_uskayaw_dance_hall,
          gup_sewer_entry_spiral, minmay_vboxes
D:4:      layout_loops_ring, mainiacjoe_overflow_chevrons,
          minmay_temple_entry_tees, hangedman_feature_mirror
D:5:      old_forge, layout_cave_pools, grunt_temple_overflow_magic_moments
D:6:      layout_loops_ring, st_stairs_3
D:7:      layout_basic, grunt_dithmenos_smoke, makhleb_altar_promises_db,
          mainiacjoe_overflow_large_starburst, nicolae_overflow_hidden_temple,
          serial_curves, eino_curves_01, eino_curves_02, eino_curves_03,
          eino_curves_01, uniq_menkaure
D:8:      layout_basic
D:9:      layout_cave_pools, grunt_gozag_statues, lemuel_round_altar,
          david_lair_generic, minmay_mirror_moons_of_madness
D:10:     layout_irregular_city, david_orc_3, nicolae_water_bricks,
          amcnicky_mini_rare_corridor_liquid, uniq_snorg
Temple:   hellmonk_temple_rainy

Skill      XL: |  1  2  3  4  5  6  7  8  9 10 11 |
---------------+----------------------------------+-----
Maces & Flails | 3 4 5 7 8 10 12 13 | 13.4
Fighting       | 4 5 6 7 8 10 | 10.9
Armour         | |  3.2
Shields        | |  4.0

Action                     |  1- 3 |  4- 6 |  7- 9 | 10-12 || total
---------------------------+-------+-------+-------+-------++-------
  Melee: Flail             |   101 |    53 |       |       ||   154
         Whip              |       |   118 |   241 |   206 ||   565
 Invoke: Reject Sacrifices |       |       |     1 |       ||     1
         Sacrifice Stealth |       |       |       |     1 ||     1
Ability: Shaft Self        |       |       |       |     1 ||     1
    Use: Scroll            |       |    11 |     3 |     4 ||    18
         Potion            |       |     2 |       |     3 ||     5
 Armour: Scale mail        |    44 |    52 |       |       ||    96
         Plate armour      |       |     7 |   117 |    63 ||   187
         Skin              |       |     2 |       |       ||     2
  Dodge: Dodged            |    45 |    71 |    56 |    39 ||   211
  Block: Buckler           |    29 |    42 |    43 |    31 ||   145

Table legend: (Time is in decaauts)
 A = Elapsed time spent in this place.
 B = Non-inter-level travel time spent in this place.
 C = Inter-level travel time spent in this place.
 D = Time resting spent in this place.
 E = Time spent auto-exploring this place.
 F = Levels seen in this place.
 G = Mean time per level.
                   A        B        C        D        E       F      G
               +--------+--------+--------+--------+--------+-----+--------+
         Total |   9914 |   9579 |    335 |    682 |   7041 |  12 |  826.2 |
       Dungeon |   9360 |   9037 |    323 |    582 |   6863 |  10 |  936.0 |
        Temple |     24 |     12 |     12 |      0 |      3 |   1 |   24.0 |
         Sewer |    528 |    528 |      0 |    100 |    175 |   1 |  528.0 |
               +--------+--------+--------+--------+--------+-----+--------+

Top non-repeatable levels by time:
     D:8: 1350 daAuts
     D:9: 1171 daAuts
     D:5: 1124 daAuts
     D:7: 1111 daAuts
     D:3: 1016 daAuts
     D:1: 966 daAuts
     D:2: 907 daAuts
     D:4: 897 daAuts
     D:6: 763 daAuts
   Sewer: 528 daAuts
    D:10: 52 daAuts
  Temple: 24 daAuts
